 Dungeon Crawl Stone Soup version 0.25.1-9-gc5326a611f (webtiles) character file.

Game seed: 16911312426436468697

698 Eitelfritz the Spear-Bearer (level 7, -3/52 HPs)
             Began as a Merfolk Gladiator on Dec 29, 2020.
             Slain by a worker ant (7 damage)
             ... while paralysed by Grinder
             ... on level 4 of the Dungeon.
             The game lasted 00:11:09 (4113 turns).

Eitelfritz the Spear-Bearer (Merfolk Gladiator)     Turns: 4113, Time: 00:11:09

Health: -3/52      AC:  5    Str: 16    XL:     7   Next: 65%
Magic:  7/7        EV:  2    Int:  8    God:
Gold:   128        SH:  0    Dex: 15    Spells: 6/6 levels left

rFire    . . .     SeeInvis .   a - +1 trident
rCold    . . .     Gourm    .   (no shield)
rNeg     . . .     Faith    .   b - +0 leather armour
rPois    .         Spirit   .   c - +0 helmet
rElec    .         Reflect  .   m - +0 cloak
rCorr    .         Harm     .   (no gloves)
MR       .....                  (no boots)
Stlth    ++........             (no amulet)
HPRegen  0.17/turn              (no ring)
MPRegen  0.10/turn              (no ring)

@: paralysed, lethally poisoned (-3 -> -25)
A: change form in water, swift swim, stealthy swim
a: no special abilities


You were on level 4 of the Dungeon.
You were not hungry.

You visited 1 branch of the dungeon, and saw 4 of its levels.

You collected 128 gold pieces.

Inventory:

Hand Weapons
 a - a +1 trident (weapon)
Missiles
 d - 3 throwing nets
 e - 7 javelins
 k - 32 poisoned darts (quivered)
Armour
 b - a +0 leather armour (worn)
 c - a +0 helmet (worn)
 m - a +0 cloak (worn)
Scrolls
 j - 3 scrolls of remove curse
 o - a scroll of teleportation {unknown}
 r - a scroll of identify
Potions
 g - a potion of might
 i - a potion of curing
 l - a potion of lignification {unknown}
 n - a potion of heal wounds
 p - a potion of ambrosia {unknown}
 q - a potion of mutation {unknown}
Comestibles
 f - 7 rations
 h - 2 chunks of flesh


   Skills:
 + Level 3.5 Fighting
 + Level 9.1 Polearms
 + Level 2.5 Throwing
 + Level 2.0 Armour
 + Level 6.1 Dodging
 + Level 1.5 Stealth


You had 6 spell levels left.
You didn't know any spells.
Your spell library was empty.

Dungeon Overview and Level Annotations

Branches:
Dungeon (4/15)
 Temple: D:4-7

Altars:
Sif Muna
Xom
Zin

Annotations:
D:4 Grinder


Message History

You struggle to resist.
You feel sick. The worker ant bites you.
* * * LOW HITPOINT WARNING * * *
You are more poisoned.
The worker ant poisons you!
* * * LOW HITPOINT WARNING * * *
You feel sick.
The worker ant bites you but does no damage.
The worker ant bites you.
* * * LOW HITPOINT WARNING * * *
You are more poisoned.
The worker ant poisons you!
* * * LOW HITPOINT WARNING * * *
You feel sick. The worker ant bites you.
* * * LOW HITPOINT WARNING * * *
You are more poisoned.
The worker ant poisons you!
* * * LOW HITPOINT WARNING * * *
You feel sick. Grinder hits you but does no damage. The worker ant bites you!
You die...

....... ....... ....##
#..(..# #.#.##
#.....####.#... #####
#.....##......# #.>.#
#.....##......# #...#
#.....##......#
##...#####.....##....###
#.....a@5......'.....# #
#....#####.....##....# #
#...ยง# #.....####### #
#....# #...(.# # #.####
#.....# # #. #.....# #
#.....# #######


You could see Grinder and a worker ant.

Vanquished Creatures
  Sigmund (D:2)
  3 ogres
  Natasha (thrice) (D:2)
  4 gnolls (D:3)
  6 adders
  3 oozes
  3 worms
  A dart slug (D:1)
  3 leopard geckos
  5 orcs
  8 bats
  4 giant cockroaches
  7 goblins
  10 hobgoblins
  4 jackals (D:2)
  A quokka (D:3)
  6 frilled lizards
  8 kobolds
  10 rats
90 creatures vanquished.

Notes
Turn   | Place    | Note
-------+----------+-------------------------------------------
     0 | D:1      | Eitelfritz the Merfolk Gladiator began the quest for the
                  | Orb.
     0 | D:1      | Reached XP level 1. HP: 16/16 MP: 1/1
   212 | D:1      | Reached XP level 2. HP: 23/23 MP: 2/2
   553 | D:1      | Reached XP level 3. HP: 28/28 MP: 3/3
   846 | D:2      | Reached skill level 5 in Polearms
   868 | D:2      | Found a shimmering altar of Xom.
   868 | D:2      | Noticed an angel
   876 | D:2      | Found a glowing silver altar of Zin.
   925 | D:2      | Reached skill level 5 in Dodging
  1247 | D:2      | Found a shimmering blue altar of Sif Muna.
  1355 | D:2      | Reached XP level 4. HP: 25/34 MP: 4/4
  1577 | D:2      | Noticed Natasha
  1581 | D:2      | Killed Natasha
  1581 | D:2      | Reached skill level 6 in Polearms
  1858 | D:2      | Noticed Natasha
  1872 | D:2      | Killed Natasha
  1872 | D:2      | Reached XP level 5. HP: 36/39 MP: 5/5
  2003 | D:2      | Noticed Natasha
  2011 | D:2      | Killed Natasha
  2638 | D:3      | Reached skill level 7 in Polearms
  2659 | D:3      | Reached skill level 1 in Armour
  2659 | D:3      | Reached XP level 6. HP: 10/46 MP: 6/6
  3004 | D:3      | Noticed Sigmund
  3057 | D:2      | Killed Sigmund
  3057 | D:2      | Reached skill level 1 in Stealth
  3415 | D:3      | Reached skill level 8 in Polearms
  3415 | D:3      | Reached XP level 7. HP: 52/52 MP: 7/7
  3999 | D:4      | Reached skill level 9 in Polearms
  4095 | D:4      | Noticed Grinder
  4108 | D:4      | Paralysed by Grinder for 6 turns
  4113 | D:4      | Slain by a worker ant

Illustrated notes

Levels and vault maps discovered:
D:1:      saegor_arrival_miasma, layout_loops_ring, serial_rivers,
          chequers_serial_rivers_small_a, chequers_serial_rivers_small_b,
          chequers_serial_rivers_micro_c, chequers_serial_rivers_room_a,
          chequers_serial_rivers_micro_a
D:2:      minmay_razor_zed, layout_loops_ring,
          grunt_temple_overflow_order_and_chaos_1, led_sif_pool,
          kennysheep_decorative_pillar, uniq_natasha
D:3:      layout_basic, uniq_sigmund
D:4:      layout_basic, first_ration, biasface_ghost_orc_armoury, uniq_menkaure,
          uniq_grinder

Skill      XL: |  1  2  3  4  5  6  7 |
---------------+----------------------+-----
Polearms       | 5 6 7 8 9 |  9.1
Dodging        | 5 6 |  6.1
Armour         | 1 2 |  2.0
Fighting       | 3 |  3.5
Stealth        | 1 |  1.5
Throwing       | |  2.5

Action                   |  1- 3 |  4- 6 |  7- 9 || total
-------------------------+-------+-------+-------++-------
Melee: Trident           |   101 |   150 |    72 ||   323
Throw: Dart              |       |     5 |     6 ||    11
  Use: Potion            |       |     4 |       ||     4
       Scroll            |       |     2 |     3 ||     5
 Stab: Sleeping          |     3 |     2 |     1 ||     6
       Distracted        |       |     1 |       ||     1
  Eat: Chunk             |     1 |     7 |     2 ||    10
Armor: Leather armour    |    22 |    47 |    14 ||    83
Dodge: Dodged            |    49 |   126 |    39 ||   214
